Sénateurs vs Flyers
Created - 3 février 2015 at 20:22
Goals
|
| Sénateurs |
0 |
0 |
1 |
1 |
| Flyers |
2 |
1 |
1 |
4 |
|
Shots
|
| Sénateurs |
12 |
7 |
10 |
29 |
| Flyers |
9 |
11 |
11 |
31 |
|
1st period
1. Flyers , Scott Hartnell 22 (Jeff O'Neill) at 6:14 (SH)
2. Flyers , Scott Hartnell 23 (Eric Brewer) at 7:48 (SH)
Penalties :
Ryan Parent (Ott) for Hooking (Minor) at 1:23, Trevor Daley (Phi) for Hooking (Minor) at 6:01, Darcy Hordichuk (Ott) for Interference (Minor) at 13:10, Sami Salo (Ott) for Hooking (Minor) at 17:55
2nd period
3. Flyers , Jeff Carter 24 (Martin St. Louis, Scott Hartnell) at 5:18 (PP)
Penalties :
Andy McDonald (Ott) for Goalie Interference (Minor) at 0:58, Vitaly Vishnevsky (Ott) for Interference (Minor) at 4:35, Jean-Pierre Dumont (Ott) for Cross-checking (Minor) at 7:19
3rd period
4. Flyers , Scott Hartnell 24 (Martin St. Louis, Antti Niemi) at 2:15 (PP)
5. Sénateurs , Dan Hamhuis 3 (Todd Bertuzzi) at 2:28
Penalties :
Jean-Pierre Dumont (Ott) for High sticking (Minor) at 2:02, Brenden Morrow (Ott) for Roughing (Minor) at 2:36, Miroslav Satan (Phi) for Holding (Minor) at 4:35
Goalie Stats
Ondrej Pavelec (Ott), 27 saves from 31 shots - (0,871), L, 19-18-7, 60:00 minutes
Antti Niemi (Phi), 28 saves from 29 shots - (0,966), W, 24-13-7, 60:00 minutes
Players Stats for Sénateurs
Player Name G A P +/- PIM S H SB GA TA FO MP PP MP PK MP
------------------------------------------------------------------------------------
Andrew Ebbett 0 0 0 0 0 0 0 1 0 0 2/9 12:27 0:05 1:01
Andy Hilbert 0 0 0 0 0 0 0 0 0 0 0/0 7:00 0:00 0:57
Andy McDonald 0 0 0 -1 2 0 2 3 1 0 0/0 17:28 1:36 3:12
B.J. Crombeen 0 0 0 0 0 3 2 1 0 0 2/2 13:33 0:05 2:32
Brenden Morrow 0 0 0 0 2 2 2 1 0 0 10/14 22:07 2:17 6:13
Carlo Colaiacovo 0 0 0 0 0 0 3 3 0 1 0/0 20:47 1:35 5:18
Dan Girardi 0 0 0 0 0 1 1 0 1 0 0/0 20:47 1:35 5:18
Dan Hamhuis 1 0 1 -1 0 4 2 3 1 3 0/0 28:22 2:23 7:32
Darcy Hordichuk 0 0 0 0 2 1 0 0 0 0 0/0 11:25 0:05 0:00
Daymond Langkow 0 0 0 0 0 3 3 1 0 0 12/29 23:37 2:17 7:45
Gilbert Brule 0 0 0 -1 0 10 2 0 1 1 4/12 18:14 1:36 4:00
Jean-Pierre Dumont 0 0 0 -1 4 2 2 0 0 0 0/0 14:12 1:36 0:00
Nikita Alexeev 0 0 0 0 0 2 1 0 0 0 0/0 5:35 0:00 0:00
Ryan Parent 0 0 0 0 2 0 2 0 0 0 0/0 11:40 0:00 0:35
Sami Salo 0 0 0 0 2 0 1 1 0 2 0/0 10:55 0:00 0:00
Todd Bertuzzi 0 1 1 0 0 1 1 1 0 0 2/4 15:32 2:17 0:00
Vernon Fiddler 0 0 0 0 0 0 0 0 0 0 0/1 5:35 0:00 0:00
Vitaly Vishnevsky 0 0 0 -1 2 0 1 3 0 1 0/0 27:46 2:23 6:57
Players Stats for Flyers
Player Name G A P +/- PIM S H SB GA TA FO MP PP MP PK MP
------------------------------------------------------------------------------------
Eric Brewer 0 1 1 0 0 0 2 2 0 0 0/0 23:14 5:10 1:39
Jeff Carter 1 0 1 -1 0 5 2 0 2 0 21/38 23:36 7:29 0:51
Jeff O'Neill 0 1 1 2 0 3 1 0 0 0 4/7 11:01 0:05 1:04
Jonathan Ericsson 0 0 0 1 0 1 2 0 1 0 0/0 25:45 7:40 2:25
Ladislav Smid 0 0 0 2 0 0 2 1 0 1 0/0 18:42 0:00 2:10
Marcel Hossa 0 0 0 0 0 0 1 0 0 1 0/0 10:30 0:05 0:51
Martin St. Louis 0 2 2 -1 0 3 3 0 0 0 2/3 22:45 7:29 0:00
Matthew Lombardi 0 0 0 0 0 1 0 0 1 0 3/7 9:57 0:00 2:03
Michael Ryder 0 0 0 0 0 1 0 0 0 0 0/0 9:39 0:05 0:00
Miroslav Satan 0 0 0 0 2 3 1 0 1 0 0/0 15:43 5:15 0:00
Pascal Dupuis 0 0 0 0 0 0 0 1 0 0 0/0 9:57 0:00 2:03
Paul Gaustad 0 0 0 0 0 4 1 0 1 0 8/14 15:26 5:16 0:00
Petr Schastlivy 0 0 0 0 0 2 0 0 0 0 0/0 7:44 0:00 0:00
Ryane Clowe 0 0 0 0 0 1 0 0 1 0 1/1 15:26 5:16 0:00
Scott Hannan 0 0 0 0 0 0 0 0 0 1 0/0 11:50 0:00 0:38
Scott Hartnell 3 1 4 1 0 5 3 2 0 0 0/1 24:07 7:29 1:04
Stephane Robidas 0 0 0 -1 0 1 1 2 1 1 0/0 23:30 7:40 0:00
Trevor Daley 0 0 0 0 2 1 2 0 0 0 0/0 17:08 5:10 1:04
3 Stars
1 - Scott Hartnell (Phi)
2 - Antti Niemi (Phi)
3 - Dan Hamhuis (Ott)
Power Play
Sénateurs - 0 on 2 Attempt(s) - 0,00%
Flyers - 2 on 8 Attempt(s) - 25,00%
Penalty Kill
Sénateurs - 6 on 8 Attempt(s) - 75,00%
- Score 0 goal in Penalty Kill
Flyers - 2 on 2 Attempt(s) - 100,00%
- Score 2 goal in Penalty Kill
Team Stat
Sénateurs - Hits : 25 - Faceoff Wins : 32 - Blocked Shots : 18 - Penalty Minutes : 16
Flyers - Hits : 21 - Faceoff Wins : 39 - Blocked Shots : 8 - Penalty Minutes : 4
Official
Referees : Charron Francis and Furlatt Eric
Linesman : Derek Nansen and Scott Cherrey
Game Notes
Scott Hartnell has scored a Hat Trick!
Finance
Level 1 -- Attendance: 5709 (95,15%) -- Ticket Income 485 265 $
Level 2 -- Attendance: 4332 (86,64%) -- Ticket Income 216 600 $
Level 3 -- Attendance: 1689 (84,45%) -- Ticket Income 50 670 $
Level 4 -- Attendance: 3949 (98,73%) -- Ticket Income 78 980 $
Luxury Box -- Attendance: 861 (86,10%) -- Ticket Income 142 065 $
Game was played at the Wells Fargo Center'
Total Attendance: 16540 (91,89%)
Total Ticket Income: 973 580 $
Other Income: 146 037 $
Total Income: 1 119 617 $
Sénateurs
5 vs 5 Forward
Center Left Wing Right Wing Time % Phy DF OF
1 Daymond Langkow Brenden Morrow Todd Bertuzzi 38 1 2 2
2 Gilbert Brule Andy McDonald Jean-Pierre Dumont 32 1 2 2
3 Andrew Ebbett Darcy Hordichuk B.J. Crombeen 20 1 2 2
4 Vernon Fiddler Andy Hilbert Nikita Alexeev 10 1 2 2
5 vs 5 Defense
Defense Defense Time % Phy DF OF
1 Vitaly Vishnevsky Dan Hamhuis 40 1 2 2
2 Carlo Colaiacovo Dan Girardi 30 1 2 2
3 Sami Salo Ryan Parent 20 1 2 2
4 Vitaly Vishnevsky Dan Hamhuis 10 1 2 2
PowerPlay Forward
Center Left Wing Right Wing Time % Phy DF OF
1 Daymond Langkow Brenden Morrow Todd Bertuzzi 60 1 2 2
2 Gilbert Brule Andy McDonald Jean-Pierre Dumont 40 1 2 2
PowerPlay Defense
Defense Defense Time % Phy DF OF
1 Vitaly Vishnevsky Dan Hamhuis 60 1 2 2
2 Carlo Colaiacovo Dan Girardi 40 1 2 2
Penalty Kill 4 Players Forward
Center Wing Time % Phy DF OF
1 Brenden Morrow Daymond Langkow 60 1 2 2
2 Gilbert Brule Andy McDonald 40 1 2 2
Penalty Kill 4 Players Defense
Defense Defense Time % Phy DF OF
1 Vitaly Vishnevsky Dan Hamhuis 60 1 2 2
2 Carlo Colaiacovo Dan Girardi 40 1 2 2
Penalty Kill - 3 Players Forward
Forward Time % Phy DF OF
1 Brenden Morrow 60 1 2 2
2 Daymond Langkow 40 1 2 2
Penalty Kill - 3 Players Defense
Defense Defense Time % Phy DF OF
1 Vitaly Vishnevsky Dan Hamhuis 60 1 2 2
2 Carlo Colaiacovo Dan Girardi 40 1 2 2
4 vs 4 Forward
Center Wing Time % Phy DF OF
1 Brenden Morrow Daymond Langkow 60 1 2 2
2 Gilbert Brule Andy McDonald 40 1 2 2
4 vs 4 Defense
Defense Defense Time % Phy DF OF
1 Vitaly Vishnevsky Dan Hamhuis 60 1 2 2
2 Carlo Colaiacovo Dan Girardi 40 1 2 2
Last Minutes Offensive
Center Left Wing Right Wing Defense Defense
Daymond Langkow Brenden Morrow Todd Bertuzzi Vitaly Vishnevsky Dan Hamhuis
Last Minutes Defensive
Center Left Wing Right Wing Defense Defense
Daymond Langkow Brenden Morrow Todd Bertuzzi Vitaly Vishnevsky Dan Hamhuis
Goaltenders
Starting : Ondrej Pavelec
Backup : Jeff Deslauriers
Extra Forwards
Normal : Darcy Hordichuk, Andrew Ebbett, B.J. Crombeen - PP : Darcy Hordichuk, Andrew Ebbett - PK : B.J. Crombeen
Extra Defensemen
Normal : Sami Salo, Ryan Parent, Carlo Colaiacovo - PP : Sami Salo - PK : Ryan Parent, Carlo Colaiacovo
Penalty Shots
Brenden Morrow, Daymond Langkow, Gilbert Brule, Andy McDonald, Darcy Hordichuk
Flyers
5 vs 5 Forward
Center Left Wing Right Wing Time % Phy DF OF
1 Jeff Carter Scott Hartnell Martin St. Louis 40 1 2 2
2 Paul Gaustad Ryane Clowe Miroslav Satan 30 1 2 2
3 Jeff O'Neill Marcel Hossa Michael Ryder 20 1 2 2
4 Matthew Lombardi Petr Schastlivy Pascal Dupuis 10 1 2 2
5 vs 5 Defense
Defense Defense Time % Phy DF OF
1 Stephane Robidas Jonathan Ericsson 35 1 2 2
2 Eric Brewer Ladislav Smid 35 1 2 2
3 Trevor Daley Scott Hannan 20 1 2 2
4 Stephane Robidas Eric Brewer 10 1 2 2
PowerPlay Forward
Center Left Wing Right Wing Time % Phy DF OF
1 Jeff Carter Scott Hartnell Martin St. Louis 60 1 2 2
2 Paul Gaustad Ryane Clowe Miroslav Satan 40 1 2 2
PowerPlay Defense
Defense Defense Time % Phy DF OF
1 Stephane Robidas Jonathan Ericsson 60 1 2 2
2 Trevor Daley Eric Brewer 40 1 2 2
Penalty Kill 4 Players Forward
Center Wing Time % Phy DF OF
1 Matthew Lombardi Pascal Dupuis 60 1 2 2
2 Jeff O'Neill Scott Hartnell 40 1 2 2
Penalty Kill 4 Players Defense
Defense Defense Time % Phy DF OF
1 Trevor Daley Jonathan Ericsson 60 1 2 2
2 Ladislav Smid Eric Brewer 40 1 2 2
Penalty Kill - 3 Players Forward
Forward Time % Phy DF OF
1 Matthew Lombardi 60 1 2 2
2 Jeff O'Neill 40 1 2 2
Penalty Kill - 3 Players Defense
Defense Defense Time % Phy DF OF
1 Trevor Daley Jonathan Ericsson 60 1 2 2
2 Ladislav Smid Eric Brewer 40 1 2 2
4 vs 4 Forward
Center Wing Time % Phy DF OF
1 Martin St. Louis Jeff Carter 60 1 2 2
2 Paul Gaustad Miroslav Satan 40 1 2 2
4 vs 4 Defense
Defense Defense Time % Phy DF OF
1 Stephane Robidas Jonathan Ericsson 60 1 2 2
2 Trevor Daley Eric Brewer 40 1 2 2
Last Minutes Offensive
Center Left Wing Right Wing Defense Defense
Jeff Carter Scott Hartnell Martin St. Louis Stephane Robidas Eric Brewer
Last Minutes Defensive
Center Left Wing Right Wing Defense Defense
Martin St. Louis Matthew Lombardi Pascal Dupuis Ladislav Smid Jonathan Ericsson
Goaltenders
Starting : Antti Niemi
Backup : Chris Mason
Extra Forwards
Normal : Jeff Carter, Paul Gaustad, Martin St. Louis - PP : Jeff Carter, Miroslav Satan - PK : Matthew Lombardi
Extra Defensemen
Normal : Stephane Robidas, Jonathan Ericsson, Eric Brewer - PP : Stephane Robidas - PK : Jonathan Ericsson, Ladislav Smid
Penalty Shots
Jeff Carter, Jeff O'Neill, Miroslav Satan, Marcel Hossa, Martin St. Louis
% Time on Ice - Sénateurs
Lines # - Real PCT - Wanted PCT - Time Play
Normal Forward
1 - 33% - 38% - 14:23
2 - 29% - 32% - 12:38
3 - 25% - 20% - 10:36
4 - 13% - 10% - 5:35
Normal Defense
1 - 42% - 40% - 18:14
2 - 32% - 30% - 13:54
3 - 25% - 20% - 10:51
4 - 1% - 10% - 0:13
PP Forward
1 - 60% - 60% - 2:22
2 - 40% - 40% - 1:36
PP Defense
1 - 60% - 60% - 2:23
2 - 40% - 40% - 1:35
PK Forward
1 - 69% - 60% - 8:50
2 - 31% - 40% - 4:00
PK Defense
1 - 59% - 60% - 7:32
2 - 41% - 40% - 5:18
PK3 Forward
1 - 0% - 60%
2 - 0% - 40%
PK3 Defense
1 - 0% - 60%
2 - 0% - 40%
44 Forward
1 - 0% - 60%
2 - 0% - 40%
44 Defense
1 - 0% - 60%
2 - 0% - 40%
Last Minute Offensive - 0:00
Last Minute Defensive - 0:00
Total
Forward - 60:00
Defense - 60:00
|
% Time on Ice - Flyers
Lines # - Real PCT - Wanted PCT - Time Play
Normal Forward
1 - 36% - 40% - 15:40
2 - 24% - 30% - 10:28
3 - 22% - 20% - 9:20
4 - 18% - 10% - 7:44
Normal Defense
1 - 36% - 35% - 15:31
2 - 36% - 35% - 15:41
3 - 26% - 20% - 11:12
4 - 2% - 10% - 0:48
PP Forward
1 - 59% - 60% - 7:34
2 - 41% - 40% - 5:16
PP Defense
1 - 60% - 60% - 7:40
2 - 40% - 40% - 5:10
PK Forward
1 - 73% - 60% - 2:54
2 - 27% - 40% - 1:04
PK Defense
1 - 77% - 60% - 3:03
2 - 23% - 40% - 0:55
PK3 Forward
1 - 0% - 60%
2 - 0% - 40%
PK3 Defense
1 - 0% - 60%
2 - 0% - 40%
44 Forward
1 - 0% - 60%
2 - 0% - 40%
44 Defense
1 - 0% - 60%
2 - 0% - 40%
Last Minute Offensive - 0:00
Last Minute Defensive - 0:00
Total
Forward - 60:00
Defense - 60:00
|
Play by Play
1st period
0:01 of 1st period - Jeff Carter wins face-off versus Daymond Langkow in neutral zone.
0:08 of 1st period - Snap shot by Jeff Carter.
0:08 of 1st period - Stopped by Ondrej Pavelec with a rebound.
1:16 of 1st period - Slapshot by Petr Schastlivy.
1:16 of 1st period - Stopped by Ondrej Pavelec without a rebound.
1:17 of 1st period - Jeff Carter wins face-off versus Brenden Morrow in Sénateurs zone.
1:23 of 1st period - Minor Penalty to Ryan Parent for Hooking.
1:24 of 1st period - Brenden Morrow wins face-off versus Jeff Carter in Sénateurs zone.
3:23 of 1st period - Penalty to Ryan Parent is over, Ryan Parent is back on ice.
3:28 of 1st period - Ryan Parent is hit by Trevor Daley and loses puck.
3:59 of 1st period - Icing by Eric Brewer.
4:00 of 1st period - Andrew Ebbett wins face-off versus Matthew Lombardi in Flyers zone.
4:01 of 1st period - Wrist shot by B.J. Crombeen.
4:01 of 1st period - Stopped by Antti Niemi with a rebound.
4:30 of 1st period - Snap shot by Petr Schastlivy.
4:30 of 1st period - Stopped by Ondrej Pavelec with a rebound.
4:55 of 1st period - Snap shot by Gilbert Brule.
4:55 of 1st period - Stopped by Antti Niemi with a rebound.
5:09 of 1st period - Stephane Robidas is hit by Ryan Parent and loses puck.
5:20 of 1st period - Stephane Robidas is hit by Jean-Pierre Dumont and loses puck.
5:43 of 1st period - Snap shot by Gilbert Brule.
5:43 of 1st period - Stopped by Antti Niemi without a rebound.
5:44 of 1st period - Brenden Morrow wins face-off versus Jeff Carter in Flyers zone.
5:45 of 1st period - Wrist shot by Daymond Langkow.
5:45 of 1st period - Shot Misses the Net.
5:47 of 1st period - Wrist shot by Daymond Langkow.
5:47 of 1st period - Shot Misses the Net.
5:56 of 1st period - Off-side.
5:57 of 1st period - Daymond Langkow wins face-off versus Paul Gaustad in neutral zone.
6:01 of 1st period - Minor Penalty to Trevor Daley for Hooking.
6:02 of 1st period - Daymond Langkow wins face-off versus Jeff O'Neill in Flyers zone.
6:08 of 1st period - Wrist shot by Brenden Morrow.
6:08 of 1st period - Stopped by Antti Niemi without a rebound.
6:09 of 1st period - Jeff O'Neill wins face-off versus Daymond Langkow in Flyers zone.
6:14 of 1st period - Wrist shot by Scott Hartnell.
6:14 of 1st period - Goal by Scott Hartnell - Sénateurs : 0 - Flyers : 1.
6:15 of 1st period - Daymond Langkow wins face-off versus Matthew Lombardi in neutral zone.
6:18 of 1st period - Snap shot by Brenden Morrow.
6:18 of 1st period - Deflect By Daymond Langkow.
6:18 of 1st period - Stopped by Antti Niemi without a rebound.
6:19 of 1st period - Matthew Lombardi wins face-off versus Daymond Langkow in Flyers zone.
6:30 of 1st period - Pascal Dupuis is hit by Brenden Morrow.
6:54 of 1st period - Snap shot by Andy McDonald.
6:54 of 1st period - Shot Misses the Net.
7:46 of 1st period - Wrist shot by Scott Hartnell.
7:46 of 1st period - Shot Blocked by Dan Hamhuis.
7:48 of 1st period - Wrist shot by Scott Hartnell.
7:48 of 1st period - Goal by Scott Hartnell - Sénateurs : 0 - Flyers : 2.
7:49 of 1st period - Matthew Lombardi wins face-off versus Daymond Langkow in neutral zone.
8:01 of 1st period - Penalty to Trevor Daley is over, Trevor Daley is back on ice.
9:15 of 1st period - Wrist shot by Jeff Carter.
9:15 of 1st period - Shot Misses the Net.
9:17 of 1st period - Wrist shot by Martin St. Louis.
9:17 of 1st period - Deflect By Dan Girardi.
9:17 of 1st period - Shot Blocked by Carlo Colaiacovo.
9:17 of 1st period - Puck is out of play.
9:18 of 1st period - Jeff Carter wins face-off versus Daymond Langkow in Sénateurs zone.
9:32 of 1st period - Snap shot by Jeff Carter.
9:32 of 1st period - Shot Blocked by Sami Salo.
9:34 of 1st period - Slapshot by Trevor Daley.
9:34 of 1st period - Shot Blocked by Brenden Morrow.
9:40 of 1st period - Wrist shot by Jeff Carter.
9:40 of 1st period - Stopped by Ondrej Pavelec with a rebound.
9:42 of 1st period - Slapshot by Eric Brewer.
9:42 of 1st period - Shot Misses the Net.
9:44 of 1st period - Slapshot by Scott Hartnell.
9:44 of 1st period - Deflect By Jeff Carter.
9:44 of 1st period - Shot Blocked by Daymond Langkow.
9:44 of 1st period - Puck is out of play.
9:45 of 1st period - Paul Gaustad wins face-off versus Andrew Ebbett in Sénateurs zone.
9:48 of 1st period - Wrist shot by Miroslav Satan.
9:48 of 1st period - Deflect By Paul Gaustad.
9:48 of 1st period - Shot Blocked by Andrew Ebbett.
9:48 of 1st period - Puck is out of play.
9:49 of 1st period - Andrew Ebbett wins face-off versus Paul Gaustad in Sénateurs zone.
10:00 of 1st period - Slapshot by Carlo Colaiacovo.
10:00 of 1st period - Shot Blocked by Ladislav Smid.
10:02 of 1st period - Snap shot by Darcy Hordichuk.
10:02 of 1st period - Stopped by Antti Niemi without a rebound.
10:03 of 1st period - Martin St. Louis wins face-off versus Daymond Langkow in Flyers zone.
10:03 of 1st period - Martin St. Louis is hit by Daymond Langkow.
10:35 of 1st period - Snap shot by Andrew Ebbett.
10:35 of 1st period - Shot Blocked by Eric Brewer.
10:37 of 1st period - Wrist shot by Darcy Hordichuk.
10:37 of 1st period - Shot Misses the Net.
10:39 of 1st period - Slapshot by Dan Girardi.
10:39 of 1st period - Stopped by Antti Niemi without a rebound.
10:40 of 1st period - Jeff O'Neill wins face-off versus Daymond Langkow in Flyers zone.
10:40 of 1st period - Jeff O'Neill is hit by Todd Bertuzzi.
10:50 of 1st period - Vitaly Vishnevsky is hit by Jeff O'Neill and loses puck.
10:57 of 1st period - Jonathan Ericsson is hit by Dan Hamhuis and loses puck.
11:08 of 1st period - Gilbert Brule is hit by Jeff Carter and loses puck.
11:59 of 1st period - Snap shot by Nikita Alexeev.
11:59 of 1st period - Stopped by Antti Niemi with a rebound.
12:13 of 1st period - Daymond Langkow is hit by Eric Brewer and loses puck.
12:18 of 1st period - Wrist shot by Michael Ryder.
12:18 of 1st period - Stopped by Ondrej Pavelec without a rebound.
12:19 of 1st period - Daymond Langkow wins face-off versus Jeff Carter in Sénateurs zone.
12:26 of 1st period - Wrist shot by Daymond Langkow.
12:26 of 1st period - Shot Misses the Net.
12:46 of 1st period - Paul Gaustad is hit by Gilbert Brule and loses puck.
13:10 of 1st period - Minor Penalty to Darcy Hordichuk for Interference.
13:11 of 1st period - Martin St. Louis wins face-off versus Brenden Morrow in Sénateurs zone.
13:14 of 1st period - Slapshot by Scott Hartnell.
13:14 of 1st period - Shot Misses the Net.
13:20 of 1st period - Snap shot by Brenden Morrow.
13:20 of 1st period - Stopped by Antti Niemi without a rebound.
13:21 of 1st period - Jeff Carter wins face-off versus Brenden Morrow in Flyers zone.
13:38 of 1st period - Brenden Morrow is hit by Scott Hartnell and loses puck.
14:45 of 1st period - Eric Brewer is hit by Daymond Langkow.
15:10 of 1st period - Penalty to Darcy Hordichuk is over, Darcy Hordichuk is back on ice.
16:23 of 1st period - Jonathan Ericsson is hit by Vitaly Vishnevsky and loses puck.
17:06 of 1st period - Paul Gaustad is hit by Andy McDonald and loses puck.
17:33 of 1st period - Wrist shot by Matthew Lombardi.
17:33 of 1st period - Stopped by Ondrej Pavelec without a rebound.
17:34 of 1st period - Daymond Langkow wins face-off versus Matthew Lombardi in Sénateurs zone.
17:45 of 1st period - Snap shot by Matthew Lombardi.
17:45 of 1st period - Shot Misses the Net.
17:47 of 1st period - Slapshot by Matthew Lombardi.
17:47 of 1st period - Shot Misses the Net.
17:55 of 1st period - Minor Penalty to Sami Salo for Hooking.
17:56 of 1st period - Brenden Morrow wins face-off versus Jeff Carter in Sénateurs zone.
17:56 of 1st period - Brenden Morrow is hit by Scott Hartnell.
18:24 of 1st period - Snap shot by Paul Gaustad.
18:24 of 1st period - Stopped by Ondrej Pavelec without a rebound.
18:25 of 1st period - Brenden Morrow wins face-off versus Paul Gaustad in Sénateurs zone.
19:22 of 1st period - Snap shot by Gilbert Brule.
19:22 of 1st period - Stopped by Antti Niemi without a rebound.
19:23 of 1st period - Jeff Carter wins face-off versus Gilbert Brule in Flyers zone.
19:32 of 1st period - Snap shot by Gilbert Brule.
19:32 of 1st period - Shot Misses the Net.
19:34 of 1st period - Snap shot by Dan Hamhuis.
19:34 of 1st period - Deflect By Scott Hartnell.
19:34 of 1st period - Stopped by Antti Niemi without a rebound.
19:35 of 1st period - Brenden Morrow wins face-off versus Martin St. Louis in Flyers zone.
19:40 of 1st period - Snap shot by Daymond Langkow.
19:40 of 1st period - Stopped by Antti Niemi without a rebound.
19:41 of 1st period - Brenden Morrow wins face-off versus Jeff Carter in Flyers zone.
19:55 of 1st period - Penalty to Sami Salo is over, Sami Salo is back on ice.
Goals for this period are 0 for Sénateurs vs 2 for Flyers.
Shots for this period are 12 for Sénateurs vs 9 for Flyers.
2nd period
0:01 of 2nd period - Daymond Langkow wins face-off versus Jeff Carter in neutral zone.
0:08 of 2nd period - Snap shot by Daymond Langkow.
0:08 of 2nd period - Stopped by Antti Niemi without a rebound.
0:09 of 2nd period - Jeff Carter wins face-off versus Daymond Langkow in Flyers zone.
0:30 of 2nd period - Slapshot by Vitaly Vishnevsky.
0:30 of 2nd period - Shot Misses the Net.
0:38 of 2nd period - Jonathan Ericsson is hit by Brenden Morrow and loses puck.
0:53 of 2nd period - Snap shot by Scott Hartnell.
0:53 of 2nd period - Shot Blocked by Todd Bertuzzi.
0:55 of 2nd period - Slapshot by Stephane Robidas.
0:55 of 2nd period - Stopped by Ondrej Pavelec without a rebound.
0:56 of 2nd period - Gilbert Brule wins face-off versus Paul Gaustad in Sénateurs zone.
0:58 of 2nd period - Minor Penalty to Andy McDonald for Goalie Interference.
0:59 of 2nd period - Paul Gaustad wins face-off versus Brenden Morrow in Sénateurs zone.
1:12 of 2nd period - Off-side.
1:13 of 2nd period - Brenden Morrow wins face-off versus Jeff Carter in neutral zone.
1:16 of 2nd period - Scott Hartnell is hit by Daymond Langkow.
1:42 of 2nd period - Snap shot by Paul Gaustad.
1:42 of 2nd period - Shot Misses the Net.
1:44 of 2nd period - Slapshot by Jonathan Ericsson.
1:44 of 2nd period - Shot Blocked by Vitaly Vishnevsky.
1:46 of 2nd period - Wrist shot by Paul Gaustad.
1:46 of 2nd period - Stopped by Ondrej Pavelec with a rebound.
1:48 of 2nd period - Slapshot by Jonathan Ericsson.
1:48 of 2nd period - Stopped by Ondrej Pavelec with a rebound.
2:02 of 2nd period - Dan Girardi is hit by Trevor Daley and loses puck.
2:19 of 2nd period - Eric Brewer is hit by B.J. Crombeen and loses puck.
2:58 of 2nd period - Penalty to Andy McDonald is over, Andy McDonald is back on ice.
3:10 of 2nd period - Jonathan Ericsson is hit by Carlo Colaiacovo and loses puck.
3:28 of 2nd period - Slapshot by Carlo Colaiacovo.
3:28 of 2nd period - Deflect By B.J. Crombeen.
3:28 of 2nd period - Stopped by Antti Niemi with a rebound.
3:30 of 2nd period - Snap shot by B.J. Crombeen.
3:30 of 2nd period - Shot Misses the Net.
3:32 of 2nd period - Wrist shot by B.J. Crombeen.
3:32 of 2nd period - Shot Blocked by Pascal Dupuis.
3:34 of 2nd period - Slapshot by Carlo Colaiacovo.
3:34 of 2nd period - Deflect By B.J. Crombeen.
3:34 of 2nd period - Shot Blocked by Eric Brewer.
3:34 of 2nd period - Puck is out of play.
3:35 of 2nd period - Matthew Lombardi wins face-off versus Andrew Ebbett in Flyers zone.
4:07 of 2nd period - Slapshot by Gilbert Brule.
4:07 of 2nd period - Stopped by Antti Niemi without a rebound.
4:08 of 2nd period - Daymond Langkow wins face-off versus Jeff Carter in Flyers zone.
4:13 of 2nd period - Snap shot by Daymond Langkow.
4:13 of 2nd period - Deflect By Brenden Morrow.
4:13 of 2nd period - Shot Blocked by Scott Hartnell.
4:13 of 2nd period - Puck is out of play.
4:14 of 2nd period - Jeff Carter wins face-off versus Todd Bertuzzi in Flyers zone.
4:35 of 2nd period - Minor Penalty to Vitaly Vishnevsky for Interference.
4:36 of 2nd period - Brenden Morrow wins face-off versus Jeff Carter in Sénateurs zone.
5:04 of 2nd period - Snap shot by Miroslav Satan.
5:04 of 2nd period - Shot Misses the Net.
5:06 of 2nd period - Slapshot by Eric Brewer.
5:06 of 2nd period - Shot Blocked by Dan Hamhuis.
5:08 of 2nd period - Snap shot by Miroslav Satan.
5:08 of 2nd period - Stopped by Ondrej Pavelec with a rebound.
5:10 of 2nd period - Wrist shot by Miroslav Satan.
5:10 of 2nd period - Stopped by Ondrej Pavelec without a rebound.
5:11 of 2nd period - Jeff Carter wins face-off versus Gilbert Brule in Sénateurs zone.
5:18 of 2nd period - Wrist shot by Jeff Carter.
5:18 of 2nd period - Goal by Jeff Carter - Sénateurs : 0 - Flyers : 3.
5:19 of 2nd period - Gilbert Brule wins face-off versus Jeff Carter in neutral zone.
5:44 of 2nd period - Eric Brewer is hit by Dan Girardi and loses puck.
5:55 of 2nd period - Slapshot by Paul Gaustad.
5:55 of 2nd period - Stopped by Ondrej Pavelec without a rebound.
5:56 of 2nd period - Gilbert Brule wins face-off versus Jeff O'Neill in Sénateurs zone.
6:09 of 2nd period - Wrist shot by Gilbert Brule.
6:09 of 2nd period - Shot Misses the Net.
6:11 of 2nd period - Snap shot by Jean-Pierre Dumont.
6:11 of 2nd period - Stopped by Antti Niemi with a rebound.
6:32 of 2nd period - Snap shot by Michael Ryder.
6:32 of 2nd period - Shot Misses the Net.
6:34 of 2nd period - Wrist shot by Marcel Hossa.
6:34 of 2nd period - Deflect By Jeff O'Neill.
6:34 of 2nd period - Stopped by Ondrej Pavelec with a rebound.
6:36 of 2nd period - Slapshot by Eric Brewer.
6:36 of 2nd period - Shot Misses the Net.
6:38 of 2nd period - Snap shot by Ladislav Smid.
6:38 of 2nd period - Shot Blocked by Vitaly Vishnevsky.
6:40 of 2nd period - Snap shot by Jeff O'Neill.
6:40 of 2nd period - Shot Misses the Net.
6:42 of 2nd period - Wrist shot by Jeff O'Neill.
6:42 of 2nd period - Stopped by Ondrej Pavelec with a rebound.
6:44 of 2nd period - Snap shot by Jeff O'Neill.
6:44 of 2nd period - Stopped by Ondrej Pavelec without a rebound.
6:45 of 2nd period - Jeff Carter wins face-off versus Daymond Langkow in Sénateurs zone.
6:54 of 2nd period - Carlo Colaiacovo is hit by Martin St. Louis and loses puck.
7:01 of 2nd period - Daymond Langkow is hit by Jeff Carter and loses puck.
7:14 of 2nd period - Snap shot by Miroslav Satan.
7:14 of 2nd period - Stopped by Ondrej Pavelec without a rebound.
7:15 of 2nd period - Paul Gaustad wins face-off versus Gilbert Brule in Sénateurs zone.
7:19 of 2nd period - Minor Penalty to Jean-Pierre Dumont for Cross-checking.
7:20 of 2nd period - Brenden Morrow wins face-off versus Jeff Carter in Sénateurs zone.
8:13 of 2nd period - Martin St. Louis is hit by Andy McDonald and loses puck.
8:34 of 2nd period - Snap shot by Trevor Daley.
8:34 of 2nd period - Shot Blocked by Andy McDonald.
9:19 of 2nd period - Penalty to Jean-Pierre Dumont is over, Jean-Pierre Dumont is back on ice.
9:33 of 2nd period - Snap shot by Gilbert Brule.
9:33 of 2nd period - Stopped by Antti Niemi with a rebound.
9:52 of 2nd period - Wrist shot by Jean-Pierre Dumont.
9:52 of 2nd period - Shot Misses the Net.
10:18 of 2nd period - Snap shot by Jean-Pierre Dumont.
10:18 of 2nd period - Deflect By Gilbert Brule.
10:18 of 2nd period - Stopped by Antti Niemi without a rebound.
10:19 of 2nd period - Paul Gaustad wins face-off versus Andrew Ebbett in Flyers zone.
11:15 of 2nd period - Off-side.
11:16 of 2nd period - Daymond Langkow wins face-off versus Scott Hartnell in neutral zone.
11:28 of 2nd period - Off-side.
11:29 of 2nd period - Daymond Langkow wins face-off versus Jeff Carter in neutral zone.
11:46 of 2nd period - Jonathan Ericsson is hit by Dan Hamhuis and loses puck.
12:06 of 2nd period - Off-side.
12:07 of 2nd period - Jeff Carter wins face-off versus Gilbert Brule in neutral zone.
13:06 of 2nd period - Backhand shot by Michael Ryder.
13:06 of 2nd period - Shot Misses the Net.
13:44 of 2nd period - Snap shot by Gilbert Brule.
13:44 of 2nd period - Shot Misses the Net.
13:46 of 2nd period - Snap shot by Andy McDonald.
13:46 of 2nd period - Shot Misses the Net.
13:48 of 2nd period - Slapshot by Dan Hamhuis.
13:48 of 2nd period - Deflect By Gilbert Brule.
13:48 of 2nd period - Stopped by Antti Niemi with a rebound.
16:16 of 2nd period - Snap shot by Gilbert Brule.
16:16 of 2nd period - Shot Blocked by Scott Hartnell.
16:30 of 2nd period - Slapshot by Vitaly Vishnevsky.
16:30 of 2nd period - Shot Misses the Net.
16:36 of 2nd period - Eric Brewer is hit by Nikita Alexeev and loses puck.
17:11 of 2nd period - Michael Ryder is hit by B.J. Crombeen and loses puck.
17:18 of 2nd period - Darcy Hordichuk is hit by Marcel Hossa and loses puck.
17:40 of 2nd period - Andy McDonald is hit by Scott Hartnell and loses puck.
17:50 of 2nd period - Icing by Martin St. Louis.
17:51 of 2nd period - Jeff Carter wins face-off versus Vernon Fiddler in Flyers zone.
17:51 of 2nd period - Martin St. Louis is hit by Sami Salo and loses puck.
18:41 of 2nd period - Slapshot by Jeff Carter.
18:41 of 2nd period - Shot Misses the Net.
19:07 of 2nd period - Snap shot by Brenden Morrow.
19:07 of 2nd period - Shot Misses the Net.
19:51 of 2nd period - Michael Ryder is hit by Gilbert Brule and loses puck.
Goals for this period are 0 for Sénateurs vs 1 for Flyers.
Shots for this period are 7 for Sénateurs vs 11 for Flyers.
3rd period
0:01 of 3rd period - Jeff Carter wins face-off versus Daymond Langkow in neutral zone.
0:45 of 3rd period - Snap shot by B.J. Crombeen.
0:45 of 3rd period - Stopped by Antti Niemi without a rebound.
0:46 of 3rd period - Jeff O'Neill wins face-off versus Andrew Ebbett in Flyers zone.
0:55 of 3rd period - Wrist shot by Michael Ryder.
0:55 of 3rd period - Shot Misses the Net.
1:11 of 3rd period - Dan Hamhuis is hit by Jonathan Ericsson and loses puck.
1:24 of 3rd period - Snap shot by Ryane Clowe.
1:24 of 3rd period - Stopped by Ondrej Pavelec with a rebound.
1:37 of 3rd period - Todd Bertuzzi is hit by Martin St. Louis.
2:02 of 3rd period - Minor Penalty to Jean-Pierre Dumont for High sticking.
2:03 of 3rd period - Brenden Morrow wins face-off versus Jeff Carter in Sénateurs zone.
2:15 of 3rd period - Wrist shot by Scott Hartnell.
2:15 of 3rd period - Goal by Scott Hartnell - Sénateurs : 0 - Flyers : 4.
2:16 of 3rd period - Jeff Carter wins face-off versus Daymond Langkow in neutral zone.
2:24 of 3rd period - Off-side.
2:25 of 3rd period - Todd Bertuzzi wins face-off versus Jeff Carter in neutral zone.
2:28 of 3rd period - Wrist shot by Dan Hamhuis.
2:28 of 3rd period - Goal by Dan Hamhuis - Sénateurs : 1 - Flyers : 4.
2:29 of 3rd period - Jeff Carter wins face-off versus Daymond Langkow in neutral zone.
2:34 of 3rd period - Wrist shot by Jeff Carter.
2:34 of 3rd period - Shot Misses the Net.
2:36 of 3rd period - Minor Penalty to Brenden Morrow for Roughing.
2:37 of 3rd period - B.J. Crombeen wins face-off versus Jeff Carter in Sénateurs zone.
2:46 of 3rd period - B.J. Crombeen is hit by Stephane Robidas and loses puck.
3:13 of 3rd period - Slapshot by Jonathan Ericsson.
3:13 of 3rd period - Deflect By Paul Gaustad.
3:13 of 3rd period - Stopped by Ondrej Pavelec without a rebound.
3:14 of 3rd period - Jeff Carter wins face-off versus Andrew Ebbett in Sénateurs zone.
3:19 of 3rd period - Wrist shot by Martin St. Louis.
3:19 of 3rd period - Stopped by Ondrej Pavelec without a rebound.
3:20 of 3rd period - Jeff Carter wins face-off versus Andrew Ebbett in Sénateurs zone.
3:29 of 3rd period - Snap shot by Martin St. Louis.
3:29 of 3rd period - Stopped by Ondrej Pavelec with a rebound.
3:49 of 3rd period - Slapshot by Jeff Carter.
3:49 of 3rd period - Shot Misses the Net.
3:51 of 3rd period - Snap shot by Jeff Carter.
3:51 of 3rd period - Shot Blocked by Carlo Colaiacovo.
3:58 of 3rd period - Wrist shot by Scott Hartnell.
3:58 of 3rd period - Deflect By Martin St. Louis.
3:58 of 3rd period - Shot Blocked by Andy McDonald.
3:58 of 3rd period - Puck is out of play.
3:59 of 3rd period - B.J. Crombeen wins face-off versus Paul Gaustad in Sénateurs zone.
4:35 of 3rd period - Minor Penalty to Miroslav Satan for Holding.
4:36 of 3rd period - Penalty to Brenden Morrow is over, Brenden Morrow is back on ice.
4:36 of 3rd period - Daymond Langkow wins face-off versus Matthew Lombardi in Flyers zone.
5:10 of 3rd period - Snap shot by Jean-Pierre Dumont.
5:10 of 3rd period - Shot Misses the Net.
5:40 of 3rd period - Wrist shot by Jeff Carter.
5:40 of 3rd period - Stopped by Ondrej Pavelec with a rebound.
6:35 of 3rd period - Penalty to Miroslav Satan is over, Miroslav Satan is back on ice.
7:00 of 3rd period - Andy Hilbert is hit by Miroslav Satan and loses puck.
8:00 of 3rd period - Snap shot by Andy Hilbert.
8:00 of 3rd period - Shot Blocked by Stephane Robidas.
8:18 of 3rd period - Icing by Dan Girardi.
8:19 of 3rd period - Jeff Carter wins face-off versus Andrew Ebbett in Sénateurs zone.
8:20 of 3rd period - Slapshot by Scott Hartnell.
8:20 of 3rd period - Shot Misses the Net.
8:22 of 3rd period - Wrist shot by Scott Hartnell.
8:22 of 3rd period - Shot Blocked by Carlo Colaiacovo.
9:34 of 3rd period - Dan Girardi is hit by Eric Brewer and loses puck.
10:04 of 3rd period - Snap shot by Scott Hartnell.
10:04 of 3rd period - Shot Blocked by B.J. Crombeen.
11:12 of 3rd period - Snap shot by B.J. Crombeen.
11:12 of 3rd period - Deflect By Eric Brewer.
11:12 of 3rd period - Shot Misses the Net.
11:12 of 3rd period - Puck is out of play.
11:13 of 3rd period - Paul Gaustad wins face-off versus Daymond Langkow in Flyers zone.
11:43 of 3rd period - Off-side.
11:44 of 3rd period - Jeff O'Neill wins face-off versus Gilbert Brule in neutral zone.
11:49 of 3rd period - Slapshot by Michael Ryder.
11:49 of 3rd period - Shot Misses the Net.
12:09 of 3rd period - Ryane Clowe is hit by Ryan Parent and loses puck.
12:30 of 3rd period - Slapshot by Sami Salo.
12:30 of 3rd period - Shot Misses the Net.
12:38 of 3rd period - Andy Hilbert is hit by Jonathan Ericsson.
12:50 of 3rd period - Snap shot by Jean-Pierre Dumont.
12:50 of 3rd period - Stopped by Antti Niemi with a rebound.
12:52 of 3rd period - Slapshot by Dan Hamhuis.
12:52 of 3rd period - Stopped by Antti Niemi without a rebound.
12:53 of 3rd period - Ryane Clowe wins face-off versus Gilbert Brule in Flyers zone.
13:06 of 3rd period - Jean-Pierre Dumont is hit by Paul Gaustad and loses puck.
13:23 of 3rd period - Slapshot by Marcel Hossa.
13:23 of 3rd period - Shot Misses the Net.
13:30 of 3rd period - Icing by Dan Hamhuis.
13:31 of 3rd period - Paul Gaustad wins face-off versus Daymond Langkow in Sénateurs zone.
13:36 of 3rd period - Slapshot by Paul Gaustad.
13:36 of 3rd period - Shot Blocked by Vitaly Vishnevsky.
13:44 of 3rd period - Slapshot by Dan Hamhuis.
13:44 of 3rd period - Deflect By Todd Bertuzzi.
13:44 of 3rd period - Shot Misses the Net.
13:44 of 3rd period - Puck is out of play.
13:45 of 3rd period - Paul Gaustad wins face-off versus Gilbert Brule in Flyers zone.
13:57 of 3rd period - Icing by Jean-Pierre Dumont.
13:58 of 3rd period - Gilbert Brule wins face-off versus Paul Gaustad in Sénateurs zone.
14:28 of 3rd period - Wrist shot by Todd Bertuzzi.
14:28 of 3rd period - Stopped by Antti Niemi with a rebound.
14:30 of 3rd period - Slapshot by Sami Salo.
14:30 of 3rd period - Shot Blocked by Stephane Robidas.
14:32 of 3rd period - Wrist shot by Brenden Morrow.
14:32 of 3rd period - Shot Misses the Net.
14:34 of 3rd period - Slapshot by Ryan Parent.
14:34 of 3rd period - Shot Misses the Net.
14:46 of 3rd period - Wrist shot by Petr Schastlivy.
14:46 of 3rd period - Shot Blocked by Dan Hamhuis.
15:24 of 3rd period - Wrist shot by Petr Schastlivy.
15:24 of 3rd period - Shot Misses the Net.
15:26 of 3rd period - Slapshot by Eric Brewer.
15:26 of 3rd period - Shot Blocked by Andy McDonald.
15:32 of 3rd period - Wrist shot by Gilbert Brule.
15:32 of 3rd period - Shot Misses the Net.
15:34 of 3rd period - Wrist shot by Dan Hamhuis.
15:34 of 3rd period - Stopped by Antti Niemi without a rebound.
15:35 of 3rd period - Jeff Carter wins face-off versus Daymond Langkow in Flyers zone.
15:44 of 3rd period - Slapshot by Jeff Carter.
15:44 of 3rd period - Stopped by Ondrej Pavelec with a rebound.
15:46 of 3rd period - Slapshot by Trevor Daley.
15:46 of 3rd period - Stopped by Ondrej Pavelec without a rebound.
15:47 of 3rd period - Daymond Langkow wins face-off versus Jeff Carter in Sénateurs zone.
15:56 of 3rd period - Snap shot by Scott Hartnell.
15:56 of 3rd period - Stopped by Ondrej Pavelec without a rebound.
15:57 of 3rd period - Jeff Carter wins face-off versus Daymond Langkow in Sénateurs zone.
15:58 of 3rd period - Snap shot by Scott Hartnell.
15:58 of 3rd period - Stopped by Ondrej Pavelec without a rebound.
15:59 of 3rd period - Jeff Carter wins face-off versus Todd Bertuzzi in Sénateurs zone.
16:06 of 3rd period - Wrist shot by Martin St. Louis.
16:06 of 3rd period - Deflect By Brenden Morrow.
16:06 of 3rd period - Stopped by Ondrej Pavelec without a rebound.
16:07 of 3rd period - Todd Bertuzzi wins face-off versus Jeff Carter in Sénateurs zone.
16:54 of 3rd period - Wrist shot by Andrew Ebbett.
16:54 of 3rd period - Shot Misses the Net.
17:03 of 3rd period - Jonathan Ericsson is hit by Carlo Colaiacovo.
17:34 of 3rd period - Martin St. Louis is hit by Carlo Colaiacovo and loses puck.
17:41 of 3rd period - Dan Girardi is hit by Martin St. Louis and loses puck.
17:54 of 3rd period - Slapshot by Nikita Alexeev.
17:54 of 3rd period - Stopped by Antti Niemi with a rebound.
17:56 of 3rd period - Snap shot by Jean-Pierre Dumont.
17:56 of 3rd period - Deflect By Gilbert Brule.
17:56 of 3rd period - Stopped by Antti Niemi without a rebound.
17:57 of 3rd period - Paul Gaustad wins face-off versus Gilbert Brule in Flyers zone.
18:08 of 3rd period - Slapshot by Vitaly Vishnevsky.
18:08 of 3rd period - Shot Misses the Net.
18:14 of 3rd period - Vitaly Vishnevsky is hit by Ladislav Smid and loses puck.
18:28 of 3rd period - Wrist shot by Gilbert Brule.
18:28 of 3rd period - Stopped by Antti Niemi with a rebound.
18:42 of 3rd period - Wrist shot by Gilbert Brule.
18:42 of 3rd period - Stopped by Antti Niemi with a rebound.
18:48 of 3rd period - Ladislav Smid is hit by Jean-Pierre Dumont and loses puck.
19:00 of 3rd period - Off-side.
19:01 of 3rd period - Jeff Carter wins face-off versus Daymond Langkow in neutral zone.
19:36 of 3rd period - Backhand shot by Nikita Alexeev.
19:36 of 3rd period - Deflect By Jeff Carter.
19:36 of 3rd period - Shot Hit the Post.
19:36 of 3rd period - Puck is out of play.
19:37 of 3rd period - Daymond Langkow wins face-off versus Jeff O'Neill in Flyers zone.
19:48 of 3rd period - Daymond Langkow is hit by Ladislav Smid and loses puck.
Goals for this period are 1 for Sénateurs vs 1 for Flyers.
Shots for this period are 10 for Sénateurs vs 11 for Flyers.
Output by the SimonT Hockey Simulator (STHS) for Pascal Landry -- Original Page W3C XHTML 1.0 Valid